 Dungeon Crawl Stone Soup version 0.17-a0-1583-g2df49ec (webtiles) character file.

416 Eleanoora the Conjurer (level 6, -10/41 HPs)
             Began as a Mummy Fire Elementalist on July 28, 2015.
             Was a Follower of Vehumet.
             Mangled by Pikel
             ... wielding a +1 whip of electrocution
              (12 damage)
             ... on level 4 of the Dungeon.
             The game lasted 00:10:04 (5009 turns).

Eleanoora the Conjurer (Mummy Fire Elementalist)    Turns: 5009, Time: 00:10:05

Health: -10/41     AC:  5    Str: 11    XL:     6   Next: 60%
Magic:  5/10       EV: 12    Int: 16    God:    Vehumet [*.....]
Gold:   196        SH:  0    Dex: 13    Spells: 3 memorised, 3 levels left

rFire  x . .     SeeInvis .     r - +2 short sword (venom)
rCold  + . .     Clarity  .     a - +0 robe
rNeg   + + +     SustAt   .     (no shield)
rPois  ∞         Gourm    .     n - +0 helmet
rElec  .         Spirit   .     (no cloak)
rCorr  .         Warding  .     m - +0 pair of gloves
rMut   .         Stasis   .     (no boots)
MR     .....                    (no amulet)
Stlth  ++........               (no ring)
                                l - +1 ring of protection

@: not resistant to hostile enchantments, unstealthy
A: no food or potions, fire vulnerability, cold resistance 1, negative energy
resistance 3, torment resistance, unbreathing
a: Renounce Religion


You were on level 4 of the Dungeon.
You worshipped Vehumet.
Vehumet was aware of your devotion.
You were not hungry.

You visited 1 branch of the dungeon, and saw 4 of its levels.

You collected 196 gold pieces.


Innate Abilities, Weirdness & Mutations

You do not eat or drink.
Your flesh is vulnerable to fire.
You are immune to poison.
Your flesh is cold resistant.
You are immune to negative energy.
You are immune to unholy pain and torment.
You can survive without breathing.


   Skills:
 - Level 1.5 Dodging
 - Level 1.5 Stealth
 - Level 3.0 Spellcasting
 + Level 4.1 Conjurations
 + Level 4.0 Fire Magic


You had 3 spell levels left.
You knew the following spells:

 Your Spells              Type           Power        Failure   Level  Hunger
a - Flame Tongue          Conj/Fire      ###..        4%          1    N/A
c - Conjure Flame         Conj/Fire      ###.....     12%         3    N/A
s - Sticky Flame          Conj/Fire      ###.....     38%         4    N/A

Inventory:

Hand weapons
 r - a +2 short sword of venom (weapon)
Missiles
 f - 14 poisoned needles
 g - 81 stones (quivered)
 q - 3 javelins
Armour
 a - a +0 robe (worn)
 m - a +0 pair of gloves (worn)
 n - a +0 helmet (worn)
Jewellery
 l - a +1 ring of protection (left hand)
Scrolls
 c - a scroll of teleportation {unknown}
 d - 3 scrolls of remove curse {unknown}
 e - 2 scrolls of amnesia {unknown}
 h - a scroll of blinking {unknown}
 i - a scroll of recharging {unknown}
 j - a scroll of enchant weapon {unknown}
 k - 3 scrolls of identify {unknown}
 o - a scroll of enchant armour {unknown}
 p - a scroll of fear {unknown}
Books
 b - a book of Flames

Dungeon Overview and Level Annotations

Branches:
Dungeon (4/15)
 Temple: D:4-7

Altars:
Vehumet

Annotations:
D:4 Pikel


Message History

The slave is moderately wounded.
Pikel says, "I knew I should've brought a map."
You hit Pikel.
Pikel is poisoned.
Pikel is lightly wounded.
Pikel hits you with a whip of electrocution!
You are electrocuted!
Casting: Flame Tongue
Confirm with . or Enter, or press ? or * to list all spells.
The spell is quite dangerous to cast!
Continue anyway? [Y]es or [N]o only, please.
The spell is quite dangerous to cast!
Continue anyway? [Y]es or [N]o only, please.
The spell is quite dangerous to cast!
Continue anyway?
Okay, then.
Casting: Flame Tongue
Confirm with . or Enter, or press ? or * to list all spells.
The spell is quite dangerous to cast!
Continue anyway?
Aiming: Sticky Flame
Press: ? - help, Shift-Dir - straight line, f - Pikel
Aim: Pikel, wielding a whip of electrocution and wearing a robe (lightly wounded, fast, poisoned)
The sticky flame hits Pikel.
Pikel is lightly wounded.
Pikel is covered in liquid flames!
Pikel burns!
Pikel hits you with a whip of electrocution.
Casting: Sticky Flame
Confirm with . or Enter, or press ? or * to list all spells.
Aiming: Flame Tongue
Press: ? - help, Shift-Dir - straight line, f/p - Pikel
Aim: Pikel, wielding a whip of electrocution and wearing a robe (moderately wounded, fast, poisoned, covered in liquid flames)
The flame tongue hits Pikel.
Pikel appears unharmed.
Pikel is moderately wounded.
Pikel burns!
Pikel hits you but does no damage.
Pikel hits you with a whip of electrocution.
You are electrocuted!
You die...

#+# #.# #.# #.# #
#.# ...
##########.####..###
#...@Kpp..[.........
#.########'#####.###
#.# #.# #.# ###'##
#....# #....#
###....#


You could see Pikel (burning) and 2 slaves.

Action                   |  1- 3 |  4- 6 || total
-------------------------+-------+-------++-------
Melee: Short sword       |       |    21 ||    21
 Cast: Flame Tongue      |    85 |   116 ||   201
       Conjure Flame     |       |     1 ||     1
       Sticky Flame      |       |     1 ||     1

Notes
Turn   | Place    | Note
--------------------------------------------------------------
     0 | D:1      | Eleanoora the Mummy Fire Elementalist began the quest for the Orb.
     0 | D:1      | Reached XP level 1. HP: 13/13 MP: 3/3
    16 | D:1      | Reached skill level 1 in Conjurations
   199 | D:2      | Reached skill level 2 in Conjurations
   199 | D:2      | Reached XP level 2. HP: 2/19 MP: 0/5
  1053 | D:1      | Reached XP level 3. HP: 24/24 MP: 2/6
  1058 | D:1      | Learned a level 3 spell: Conjure Flame
  2184 | D:2      | Reached XP level 4. HP: 30/30 MP: 0/8
  2190 | D:2      | Learned a level 4 spell: Sticky Flame
  2600 | D:2      | Reached skill level 3 in Spellcasting
  3319 | D:3      | Found a radiant altar of Vehumet.
  3379 | D:3      | Became a worshipper of Vehumet
  3509 | D:3      | Noticed patman's ghost (average FoAK)
  3524 | D:3      | Killed patman's ghost
  3524 | D:3      | Reached skill level 3 in Conjurations
  3524 | D:3      | Reached skill level 3 in Fire Magic
  3524 | D:3      | Reached XP level 5. HP: 24/35 MP: 5/9
  3801 | D:3      | Found a faded altar to an unknown god.
  3850 | D:3      | Reached XP level 6. HP: 35/41 MP: 6/10
  4666 | D:4      | Acquired Vehumet's first power
  4666 | D:4      | Offered knowledge of Sting by Vehumet.
  4784 | D:4      | Reached skill level 4 in Conjurations
  4790 | D:4      | Reached skill level 4 in Fire Magic
  5000 | D:4      | Noticed Pikel
  5009 | D:4      | Mangled by Pikel

Vault maps used:
D:1:      dpeg_arrival_ratfight, minmay_liquid_box, item_on_display_a
D:2:      first_bread
D:3:      fiery_altar_vehumet, ecumenical_altar_1, minmay_distorted
D:4:      portal_sewer_entry_b, uniq_blork_the_orc, uniq_pikel

Vanquished Creatures
  The ghost of patman the Chopper, an average FoAK of Lugonu
  A slave
  An orc wizard
  2 orc priests
  5 adders
  4 gnolls
  An ooze
  An adder skeleton
  7 worms
  2 giant geckos
  9 orcs
  6 bats
  5 giant cockroaches
  4 goblins
  9 hobgoblins
  6 jackals
  8 kobolds
  A ball python
  A giant newt
  A quokka
  15 rats
90 creatures vanquished.
